Map: Dusk Towers

Players

MorN

  • Race: Terran Terran
  • League: Master

Apocalypse - Winner!

  • Race: Protoss Protoss
  • League: Master

VOD

Have the link to the VOD?

Description

Time

  • Played on: Dec. 4, 2015, 7:43 p.m.
  • Length: 19:19
Show
View Real Time Build Order
Export as new Build Order

MorN Terran 

Build Orders: MMM Bio 

Get SALT Encoding   

  12  0:01  SCV  
  13  0:13  SCV  
  14  0:18  Supply Depot  
  14  0:25  SCV  
  15  0:39  SCV  
  15  0:41  Barracks  
  16  0:45  Refinery  
  16  0:51  SCV  
  17  1:03  SCV  
  18  1:16  SCV  
  19  1:29  Marine  
  19  1:31  Orbital Command  
  20  1:42  Command Center  
  20  1:51  Factory  
  20  2:02  Supply Depot, SCV  
  20  2:05  Marine  
  22  2:14  SCV  
  23  2:23  Marine  
  23  2:26  SCV  
  25  2:36  Factory Tech Lab, Barracks  
  25  2:40  Engineering Bay  
  25  2:41  Marine  
  25  2:42  Refinery  
  26  2:48  SCV  
  27  2:54  Orbital Command  
  27  2:59  Marine  
  27  3:03  Cyclone  
  31  3:07  SCV  
  32  3:17  Marine  
  34  3:20  Terran Infantry Weapons Level 1, SCV x2  
  35  3:32  SCV  
  36  3:41  Stimpack  
  36  3:43  SCV  
  36  3:46  Factory Reactor  
  37  3:48  SCV  
  37  3:49  Barracks  
  37  3:55  SCV  
  39  4:02  Command Center, SCV  
  40  4:07  SCV  
  41  4:12  Marine  
  41  4:15  Barracks Tech Lab  
  41  4:16  Supply Depot  
  42  4:19  SCV  
  42  4:22  SCV, Refinery  
  44  4:31  SCV  
  44  4:32  Starport  
  44  4:34  Factory Reactor  
  44  4:35  SCV  
  44  4:38  Marauder x2  
  50  4:43  SCV  
  51  4:46  Supply Depot, Marine x2  
  51  4:47  SCV  
  51  4:50  Supply Depot  
  54  5:03  Refinery  
  54  5:06  Combat Shields  
  54  5:07  SCV, Marine x2  
  54  5:08  SCV, Marauder  
  60  5:15  Orbital Command  
  60  5:16  Factory Reactor  
  60  5:20  SCV x2  
  59  5:31  Marine x2, Medivac x2  
  59  5:32  Marauder  
  62  5:42  Orbital Command  
  61  5:43  Marauder  
  61  5:44  SCV  
  64  5:53  Marauder  
  66  5:58  SCV x2  
  66  6:00  Terran Infantry Armor Level 1  
  68  6:04  Engineering Bay  
  68  6:06  Armory  
  68  6:10  SCV x3  
  71  6:16  Marine  
  71  6:17  Marauder x2  
  76  6:22  SCV x2  
  76  6:23  SCV  
  79  6:27  Starport  
  79  6:31  Factory Reactor  
  79  6:34  SCV  
  79  6:38  Barracks  
  79  6:39  Barracks  
  80  6:41  SCV x2  
  80  6:46  SCV  
  83  6:53  SCV x2  
  78  6:55  Marauder x2, Marine x2  
  78  6:58  SCV  
  78  7:01  Supply Depot  
  85  7:02  Supply Depot  
  85  7:03  Terran Infantry Weapons Level 2  
  85  7:05  Liberator  
  85  7:07  Liberator  
  85  7:11  Supply Depot  
  85  7:12  Supply Depot  
  85  7:22  SCV x3, Medivac  
  93  7:24  Medivac  
  98  7:30  Supply Depot, Marauder  
  98  7:32  Barracks Reactor, Barracks Tech Lab  
  98  7:34  SCV  
  98  7:35  Supply Depot  
  103  7:37  Liberator, Marauder  
  99  7:45  Marine x2  
  99  7:49  Widow Mine x2  
  99  7:50  SCV  
  106  7:53  Refinery x2  
  106  7:54  Supply Depot  
  109  8:00  Marauder x3  
  109  8:05  Supply Depot  
  115  8:07  Liberator  
  115  8:11  Supply Depot  
  115  8:12  Terran Infantry Armor Level 2  
  105  8:33  Marine x2  
  113  8:34  Marauder x3  
  113  8:37  Liberator x2, Marine x2  
  115  8:51  Marine x2  
  115  8:54  Liberator  
  115  8:55  Supply Depot, Marauder x2, Marine  
  130  8:56  Marauder  
  130  9:06  Marine  
  130  9:09  Marine x2  
  131  9:13  Marine  
  139  9:17  Marauder x3  
  139  9:24  Widow Mine x2  
  139  9:25  Medivac  
  139  9:26  SCV x2  
  153  9:38  Marauder x3  
  153  9:39  Medivac x2  
  153  9:41  Command Center  
  153  9:45  Liberator  
  157  9:53  Terran Infantry Weapons Level 3  
  157  9:59  Marauder  
  157  10:00  Marauder x2  
  160  10:08  Marine x3  
  160  10:13  Barracks  
  163  10:14  Barracks  
  163  10:16  Barracks  
  163  10:21  Marauder  
  165  10:30  Marauder  
  165  10:34  Liberator x2  
  163  10:39  SCV x2  
  163  10:41  Terran Infantry Armor Level 3  
  165  10:49  SCV, Marauder x2, Marine x2  
  172  10:50  Supply Depot  
  172  10:51  Supply Depot, SCV, Liberator  
  172  10:52  Supply Depot  
  172  10:53  Planetary Fortress  
  179  10:59  SCV  
  179  11:00  Marine x2  
  179  11:01  Barracks Tech Lab, Marauder  
  179  11:02  Barracks Tech Lab  
  179  11:03  Barracks Tech Lab  
  184  11:07  Marine x2  
  184  11:11  Marauder x2  
  191  11:28  Marine x2  
  191  11:29  Marine, Marauder  
  191  11:30  Marauder  
  191  11:38  Marauder, Marine x2  
  191  11:39  Medivac x2, Marauder x2  
  187  11:46  Marine x2  
  181  11:47  Marine  
  181  11:50  Marauder  
  181  11:51  Marine  
  185  12:09  Command Center  
  185  12:10  Marine x2  
  185  12:11  Marauder  
  189  12:18  Marine x2  
  189  12:19  Marauder x3  
  197  12:26  Command Center x2  
  197  12:27  Refinery  
  197  12:28  Refinery  
  193  12:39  Marauder, Marine x2  
  193  12:40  Marauder  
  195  12:46  Marine x2  
  195  12:47  Marine x2, Marauder x2  
  186  12:57  Marine x2  
  186  12:58  Liberator x3  
  180  13:01  Marauder x2  
  180  13:04  Marine x2  
  190  13:05  Marauder x2  
  190  13:07  Marine  
  190  13:08  Marauder  
  190  13:12  Command Center  
  191  13:15  Marine  
  195  13:34  Marine  
  195  13:35  Marauder, Marine  
  199  13:45  Marine  
  200  13:54  Orbital Command  
  200  14:04  Hi-Sec Auto Tracking  
  200  14:06  Terran Vehicle And Ship Armor Level 1  
  197  14:16  Liberator x3  
  197  14:17  Liberator  
  195  14:22  Planetary Fortress  
  193  14:46  Orbital Command  
  193  14:50  Marine x2  
  193  14:51  Marine, Marauder x2  
  182  15:25  Marine x3  
  182  15:26  Marauder x4, Marine x3  
  141  15:38  Viking x3  
  141  15:39  Viking  
  134  15:43  Marine x2  
  134  15:44  Refinery, Marauder x2  
  134  15:45  Refinery  
  134  15:48  Planetary Fortress  
  140  15:54  Marine  
  140  15:55  Marauder x3, Marine  
  140  15:56  Marauder  
  150  16:03  Marine x2  
  152  16:05  Marauder  
  152  16:06  Marauder  
  152  16:08  Viking  
  158  16:12  Marine x2  
  158  16:13  Viking x3  
  158  16:17  Marauder x4  
  164  16:37  Marine x2  
  164  16:38  Viking, Marauder  
  167  16:42  Marine x2  
  167  16:43  Viking x3, Marauder x5  
  167  16:46  Terran Vehicle Weapons Level 1  
  185  16:55  Marine  
  185  16:59  Marauder  
  181  17:04  Marauder x2  
  181  17:07  Marine x2  
  181  17:08  Marauder x2, Viking, Marine  
  161  17:10  Marine  
  161  17:13  Viking x3  
  164  17:20  Marauder, Marine  
  152  17:25  Marine x3  
  152  17:26  Marauder  
  152  17:29  Marauder  
  159  17:30  Marauder x2  
  159  17:32  Marine  
  160  17:38  Viking, Marine  
  160  17:42  Marauder  
  160  17:43  Marauder  
  165  17:48  Viking x3  
  165  17:49  Marine x2  
  165  17:50  Marauder  
  165  18:04  Marine x2  
  165  18:05  Marauder x3  
  159  18:06  Marine x2  
  159  18:08  Medivac  
  159  18:11  Marauder  
  165  18:17  Marine x2  
  165  18:18  Medivac  
  165  18:19  Medivac x2  
  173  18:25  Marauder x2  
  145  18:30  Marine x2  
  145  18:31  Marauder x3  
  145  18:33  Marauder  
  124  18:35  Marine x2  
  114  18:46  Marine x2  
  114  18:48  Marine x2  
  113  18:52  Marauder  
  113  18:53  Marauder x2  
  115  18:56  Marine x2  
  115  18:57  Marauder  
Show
View Real Time Build Order
Export as new Build Order

Apocalypse Protoss - Winner!

Build Orders: 1 Gate Expand 

Get SALT Encoding   

  12  0:01  Probe (Chrono Boost)  
  13  0:11  Probe (Chrono Boost)  
  14  0:17  Pylon  
  14  0:22  Probe (Chrono Boost)  
  16  0:35  Probe (Chrono Boost)  
  16  0:37  Gateway  
  16  0:46  Probe (Chrono Boost)  
  16  0:48  Assimilator  
  17  0:56  Probe (Chrono Boost)  
  18  1:07  Probe (Chrono Boost)  
  19  1:18  Probe (Chrono Boost)  
  20  1:23  Nexus  
  20  1:28  Probe (Chrono Boost)  
  21  1:36  Cybernetics Core  
  21  1:39  Probe (Chrono Boost)  
  22  1:46  Pylon  
  22  1:49  Probe (Chrono Boost)  
  22  1:54  Assimilator  
  23  2:04  Probe (Chrono Boost)  
  24  2:13  Adept, Warp Gate  
  24  2:15  Probe (Chrono Boost)  
  27  2:19  Forge  
  27  2:25  Probe (Chrono Boost)  
  28  2:36  Mothership Core (Chrono Boost)  
  30  2:37  Probe (Chrono Boost)  
  30  2:40  Adept  
  33  2:47  Probe (Chrono Boost)  
  34  2:51  Protoss Ground Armor Level 1 (Chrono Boost)  
  34  2:54  Probe  
  34  2:57  Probe  
  36  3:07  Probe  
  36  3:09  Pylon  
  36  3:10  Probe, Adept  
  40  3:18  Robotics Facility  
  40  3:20  Probe  
  40  3:21  Probe  
  42  3:31  Probe  
  42  3:32  Probe  
  44  3:37  Adept  
  46  3:42  Probe  
  46  3:44  Probe  
  46  3:47  Gateway  
  48  3:50  Gateway  
  48  3:52  Probe  
  49  3:56  Probe  
  49  4:01  Twilight Council  
  50  4:03  Pylon  
  50  4:06  Probe, Warp Prism (Chrono Boost)  
  53  4:14  Assimilator  
  53  4:17  Probe, Assimilator  
  54  4:22  Sentry  
  56  4:25  Protoss Ground Armor Level 2 (Chrono Boost)  
  56  4:26  Probe  
  56  4:29  Probe  
  58  4:40  Observer  
  59  4:53  Probe, Resonating Glaives (Chrono Boost)  
  59  4:54  Probe  
  61  5:02  Pylon  
  61  5:03  Pylon  
  61  5:10  Probe  
  61  5:13  Nexus, Pylon  
  62  5:20  Probe, Immortal  
  61  5:37  Probe  
  61  5:38  Probe  
  61  5:41  Adept  
  61  5:42  Adept x2  
  65  5:47  Gateway  
  65  5:50  Gateway  
  65  5:51  Probe x2  
  65  5:53  Gateway  
  67  5:59  Immortal  
  67  6:03  Probe x2  
  73  6:06  Sentry x2  
  73  6:07  Sentry  
  79  6:15  Probe x2  
  81  6:19  Pylon  
  81  6:24  Pylon  
  81  6:25  Probe, Blink (Chrono Boost)  
  81  6:27  Probe  
  81  6:28  Probe  
  81  6:30  Stalker x3  
  90  6:36  Probe  
  90  6:39  Probe  
  92  6:40  Probe  
  92  6:42  Immortal  
  92  6:44  Protoss Ground Armor Level 3  
  92  6:46  Assimilator  
  97  6:49  Assimilator  
  97  6:53  Probe  
  98  6:54  Adept x3  
  98  6:55  Adept  
  98  6:56  Adept x2  
  98  6:57  Probe  
  98  6:58  Probe  
  112  7:14  Photon Cannon  
  112  7:15  Photon Cannon  
  112  7:18  Sentry, Pylon  
  112  7:20  Sentry  
  116  7:23  Probe  
  116  7:26  Photon Cannon  
  116  7:27  Photon Cannon  
  117  7:31  Pylon  
  117  7:33  Pylon  
  117  7:34  Probe  
  117  7:36  Probe x2  
  123  7:45  Observer  
  123  7:49  Probe  
  121  7:55  Stalker  
  121  7:56  Stalker x5  
  133  8:03  Nexus  
  133  8:07  Probe  
  133  8:08  Probe x2  
  136  8:17  Probe  
  137  8:20  Probe  
  137  8:24  Probe  
  139  8:29  Templar Archives  
  139  8:31  Pylon, Charge (Chrono Boost)  
  139  8:32  Pylon  
  139  8:33  Pylon  
  139  8:35  Pylon  
  139  8:41  Pylon  
  139  8:42  Pylon  
  139  8:47  Gateway  
  139  8:50  Immortal  
  139  8:52  Gateway  
  139  8:53  Sentry x2, Gateway  
  139  8:54  Sentry, Gateway  
  149  9:01  Adept x2  
  149  9:02  Adept  
  155  9:07  Adept x3  
  155  9:18  Nexus  
  155  9:23  Stalker x3  
  161  9:27  Stalker x2  
  161  9:28  Psionic Storm  
  161  9:30  Stalker  
  167  9:36  Protoss Ground Weapons Level 1 (Chrono Boost)  
  167  9:43  Immortal  
  169  10:10  Pylon  
  169  10:15  Zealot x3  
  169  10:16  Zealot, Pylon x2  
  169  10:20  High Templar  
  179  10:21  High Templar  
  181  10:33  Warp Prism  
  177  10:36  Assimilator  
  177  10:41  Assimilator  
  177  10:42  Photon Cannon  
  179  10:43  Photon Cannon, High Templar  
  179  10:48  High Templar  
  179  10:49  Zealot x2  
  187  10:55  Gateway  
  187  10:56  Gateway  
  187  11:00  Gateway x2, Photon Cannon  
  187  11:02  Gateway  
  187  11:07  Gateway, Photon Cannon  
  187  11:09  Immortal, Pylon  
  191  11:19  Forge  
  164  11:44  Adept  
  164  11:45  Adept x5  
  174  12:02  Protoss Shields Level 1 (Chrono Boost)  
  174  12:04  Stalker x4  
  174  12:05  Stalker x8  
  172  12:11  High Templar x4  
  172  12:12  High Templar  
  182  12:19  Protoss Ground Weapons Level 2 (Chrono Boost)  
  182  12:21  Adept x6  
  182  12:22  Adept x3  
  200  12:31  Stargate x2  
  200  12:32  Protoss Air Weapons Level 1  
  200  12:33  Stargate  
  182  12:56  Stalker x7  
  182  12:57  Stalker x4  
  198  13:17  Nexus  
  194  13:20  Fleet Beacon, Pylon  
  194  13:22  Pylon  
  194  13:24  Pylon  
  190  13:37  Observer  
  191  13:42  Zealot x4  
  193  14:22  Tempest (Chrono Boost)  
  177  14:38  Tempest (Chrono Boost)  
  177  14:39  Tempest (Chrono Boost)  
  180  14:47  Protoss Shields Level 2  
  180  14:49  Protoss Ground Weapons Level 3  
  180  14:50  Protoss Air Weapons Level 2  
  180  14:56  Assimilator  
  180  15:00  Assimilator  
  180  15:03  Tempest (Chrono Boost)  
  182  15:17  Tempest (Chrono Boost)  
  132  15:32  Stalker x3  
  132  15:33  Stalker x2  
  138  15:41  Adept x5  
  138  15:42  Adept x4  
  156  15:52  Photon Cannon  
  156  15:55  Photon Cannon  
  156  15:57  Stalker x5, Photon Cannon  
  156  15:58  Stalker  
  156  15:59  Photon Cannon  
  156  16:00  Pylon  
  156  16:03  Tempest x2 (Chrono Boost)  
  156  16:04  Pylon  
  176  16:10  Oracle (Chrono Boost)  
  179  16:12  Zealot x8  
  179  16:13  Zealot  
  176  17:20  High Templar x3  
  176  17:21  Zealot x4  
  176  17:22  Zealot x4  
  184  17:23  Zealot x4  
  184  17:28  Observer  
  192  17:35  Oracle (Chrono Boost)  
  160  18:11  Tempest x3 (Chrono Boost)  
  170  18:14  Stalker  
  170  18:15  Stalker x11  
  170  18:16  Stalker x3  
  200  18:24  Archon  
  180  18:40  Zealot  
  180  18:41  Zealot x9  
  188  19:08  Nexus  
  200  19:14  Pylon x2  
Tags
 
Composition
MMM Bio
Matchup
PvT
Replay Pack
MorN pack 2
Add a new tag
Caveats
  • Supply blocks, unpowered buildings, or Contaminate may cause inaccurate times.
  • Supply counts are checked every 10 seconds.